 Dungeon Crawl Stone Soup version 0.18.1-48-g4cf74bf (webtiles) character file.

98 Jerry the Ducker (level 4, 12/35 HPs)
             Began as a Merfolk Ice Elementalist on Aug 2, 2016.
             Quit the game in a sewer.
             The game lasted 00:11:15 (2606 turns).

Jerry the Ducker (Merfolk Ice Elementalist)         Turns: 2606, Time: 00:11:15

Health: 12/35      AC:  4    Str:  8    XL:     4   Next: 71%
Magic:  0/7        EV: 14    Int: 16    God:
Gold:   141        SH:  0    Dex: 15    Spells: 1 memorised, 6 levels left

rFire  + . .     SeeInvis .     g - +0 dagger
rCold  + . .     Gourm    .     a - +0 robe
rNeg   . . .     Faith    .     (no shield)
rPois  +         Spirit   .     (no helmet)
rElec  +         Dismiss  .     (no cloak)
rCorr  +         Reflect  .     q - +1 pair of gloves
SustAt .         Harm     .     (no boots)
MR     .....                    (no amulet)
Stlth  ++........               (no ring)
                                d - +2 ring of intelligence

@: resistant, not resistant to hostile enchantments, unstealthy
A: change form in water, swift swim
a: no special abilities


You were in a sewer.
You were not hungry.

You visited 1 branch of the dungeon, and saw 3 of its levels.
You also visited: Sewer.

You collected 141 gold pieces.

Inventory:

Hand Weapons
 f - a +0 hand axe
 g - a +0 dagger (weapon)
Missiles
 k - 7 javelins (quivered)
Armour
 a - a +0 robe (worn)
 q - a +1 pair of gloves (worn)
Jewellery
 d - a +2 ring of intelligence (left hand)
Scrolls
 h - 3 scrolls of identify
 l - a scroll of magic mapping
 o - 3 scrolls of remove curse
Potions
 i - a potion of flight
Books
 b - a book of Frost

   Spells                             Type                      Level
   a - Freeze                         Ice                          1
   b - Throw Frost                    Conjuration/Ice              2
   c - Ozocubu's Armour               Charms/Ice                   3
   d - Throw Icicle                   Conjuration/Ice              4
   e - Summon Ice Beast               Ice/Summoning                4
Comestibles
 c - 2 bread rations
 j - a beef jerky
 p - a chunk of flesh


   Skills:
 + Level 3.2 Fighting
 + Level 4.7 Dodging
 - Level 2.1 Stealth
 - Level 2.0 Spellcasting
   Level 0.7 Conjurations
 - Level 3.2 Ice Magic


You had 6 spell levels left.
You knew the following spells:

 Your Spells              Type           Power        Failure   Level  Hunger
a - Freeze                Ice            ##..         8%          1    #......


Dungeon Overview and Level Annotations

Branches:
Dungeon (3/15)

Altars:
Nemelex Xobeh
Sif Muna
Yredelemnul

Annotations:
Sewer Dickchan's ghost, novice NaTm


Message History

The jackal bites you but does no damage.
Casting: Freeze
Confirm with . or Enter, or press ? or * to list all spells.
Aiming: Freeze
Press: ? - help, Shift-Dir - straight line, f/p - Dickchan's ghost
Aim: Dickchan's ghost, wielding a weapon of electrocution (lightly damaged)
You freeze Dickchan's ghost.
Dickchan's ghost is lightly damaged.
The jackal barely misses you. Dickchan's ghost hits you. The jackal bites you.
The jackal closely misses you.
Casting: Freeze
Confirm with . or Enter, or press ? or * to list all spells.
Aiming: Freeze
Press: ? - help, Shift-Dir - straight line, f/p - Dickchan's ghost
Aim: Dickchan's ghost, wielding a weapon of electrocution (lightly damaged)
You freeze Dickchan's ghost.
Dickchan's ghost is moderately damaged.
The jackal closely misses you. Dickchan's ghost closely misses you.
The jackal misses you. The jackal closely misses you.
Are you sure you want to abandon this character and quit the game? (Confirm with "yes".)

## ≈# #####
≈# #...##≈##
#.∩.#.≈.#
#.∩...≈.#
#.....≈≈###..
#####@≈..≈≈.≈
#..KWhh.###.≈
#...KK≈.#
#...#.≈.#
#...##≈##
##.# ≈# #. ≈#
#? ≈#


You could see Dickchan's ghost, 2 jackals and 3 kobolds.

Vanquished Creatures
  A gnoll (D:1)
  2 adders (D:3)
  A river rat (D:3)
  3 giant geckos
  2 orcs (D:3)
  A ball python (D:3)
  4 giant cockroaches
  10 goblins
  3 hobgoblins
  7 jackals
  A quokka (D:3)
  4 bats
  A giant newt (D:2)
  6 kobolds (D:1)
  8 rats
54 creatures vanquished.

Notes
Turn   | Place    | Note
--------------------------------------------------------------
     0 | D:1      | Jerry the Merfolk Ice Elementalist began the quest for the Orb.
     0 | D:1      | Reached XP level 1. HP: 13/13 MP: 3/3
   178 | D:1      | Reached skill level 3 in Dodging
   347 | D:1      | Reached skill level 1 in Fighting
   416 | D:1      | Reached XP level 2. HP: 21/21 MP: 5/5
   923 | D:1      | Reached XP level 3. HP: 24/27 MP: 3/6
  1826 | D:2      | Found a sparkling altar of Nemelex Xobeh.
  1871 | D:2      | Reached skill level 4 in Dodging
  2020 | D:2      | Found a basalt altar of Yredelemnul.
  2281 | D:3      | Reached XP level 4. HP: 34/34 MP: 4/7
  2539 | D:3      | Found a deep blue altar of Sif Muna.
  2591 | D:3      | Found a glowing drain.
  2595 | Sewer    | Entered a sewer
  2598 | Sewer    | Noticed Dickchan's ghost (novice NaTm)
  2606 | Sewer    | Quit the game

Skill      XL: |  1  2  3  4 |
---------------+-------------+-----
Dodging        | 3 4 |  4.7
Fighting       | 1 2 3 |  3.2
Stealth        | |  2.1
Spellcasting   | |  2.0
Conjurations   | |  0.7
Ice Magic      | |  3.2

Action                   |  1- 3 |  4- 6 || total
-------------------------+-------+-------++-------
Melee: Dagger            |   103 |     5 ||   108
       Hand axe          |     3 |       ||     3
Throw: Javelin           |     4 |     1 ||     5
 Cast: Freeze            |    32 |    29 ||    61
  Use: Scroll            |     1 |     2 ||     3
       Potion            |       |     2 ||     2
 Stab: Sleeping          |     5 |       ||     5
  Eat: Chunk             |     5 |     1 ||     6
Armor: Robe              |    17 |     3 ||    20
Dodge: Dodged            |    97 |    33 ||   130
